 Dungeon Crawl Stone Soup version 0.22-a0-240-g539252a (webtiles) character file.

11 Amnesiac the Charlatan (level 2, -5/14 HPs)
             Began as a Spriggan Artificer on Feb 21, 2018.
             Slain by Sigmund
             ... wielding a +1 scythe of slicing
              (8 damage)
             ... on level 2 of the Dungeon.
             The game lasted 00:01:46 (635 turns).

Amnesiac the Charlatan (Spriggan Artificer)          Turns: 635, Time: 00:01:46

Health: -5/14      AC:  2    Str:  8    XL:     2   Next: 17%
Magic:  6/6        EV: 18    Int: 12    God:
Gold:   46         SH:  0    Dex: 16    Spells: 1/1 levels left

rFire    . . .     SeeInvis +   a - +0 short sword
rCold    . . .     Gourm    .   (shield restricted)
rNeg     . . .     Faith    .   b - +0 robe
rPois    .         Spirit   .   (helmet restricted)
rElec    .         Reflect  .   (no cloak)
rCorr    .         Harm     .   (gloves unavailable)
MR       .....                  (boots unavailable)
Stlth    ++........             (no amulet)
HPRegen  0.04/turn              (no ring)
MPRegen  0.10/turn              (no ring)

@: very quick
A: very small, unfitting armour, see invisible, herbivore, speed 3, slow
metabolism 2
a: no special abilities


You were on level 2 of the Dungeon.
You were not hungry.

You visited 1 branch of the dungeon, and saw 2 of its levels.

You collected 46 gold pieces.

Inventory:

Hand Weapons
 a - a +0 short sword (weapon)
Missiles
 j - 9 poisoned needles
Armour
 b - a +0 robe (worn)
Wands
 c - a wand of flame (13)
 d - a wand of enslavement (15)
 e - a wand of random effects (8)
Scrolls
 g - a scroll of enchant armour {!r, unknown}
 h - a scroll of enchant weapon {!r, unknown}
 k - a scroll of identify {!r, unknown}
 l - a scroll of remove curse {!r, unknown}
Potions
 i - a potion of lignification {!q, unknown}
Comestibles
 f - a ration


   Skills:
 + Level 1.0 Fighting
 + Level 1.3 Short Blades
 + Level 3.2 Dodging
 - Level 2.0 Stealth
 * Level 4.3 Evocations


You had one spell level left.
You didn't know any spells.

Dungeon Overview and Level Annotations

Branches:
Dungeon (2/15)

Altars:

Annotations:
D:2 Sigmund


Innate Abilities, Weirdness & Mutations

You are very small and have problems with some larger weapons.
You are too small for most types of armour.
You have supernaturally acute eyesight. (SInv)
You are a herbivore.
You cover ground extremely quickly.
You need consume almost no food.


Message History

The goblin shouts!
You're too confused to move!
You feel less confused. Sigmund completely misses you.
A goblin comes into view.
Evoke which item? (* to show all) (? for menu, Esc to quit)
Aiming: Random Effects
Press: ? - help, Shift-Dir - straight line, f/p - Sigmund
Aim: Sigmund, wielding a scythe of slicing and wearing a runed robe (heavily wounded) Sigmund twists and deforms.
Sigmund says, "Look into my eyes."
Evoke which item? (* to show all) (? for menu, Esc to quit)
Aiming: Random Effects
Press: ? - help, Shift-Dir - straight line, f/p - Sigmund
Aim: Sigmund, wielding a scythe of slicing and wearing a runed robe (heavily wounded, misshapen and mutated)
The puff of frost hits Sigmund.
Sigmund is heavily wounded.
Sigmund barely misses you.
Evoke which item? (* to show all) (? for menu, Esc to quit)
Aiming: Random Effects
Press: ? - help, Shift-Dir - straight line, f/p - Sigmund
Aim: Sigmund, wielding a scythe of slicing and wearing a runed robe (heavily wounded, misshapen and mutated) Sigmund seems to speed up.
Sigmund casts a spell at you. The magic dart hits you!
A hobgoblin comes into view.
You see here a quokka corpse.
The hobgoblin shouts!
The hobgoblin hits you. The hobgoblin barely misses you.
Sigmund says, "Now you see me, now you don't..."
Sigmund mumbles some strange words.
Sigmund flickers and vanishes for a moment.
You see here 17 poisoned needles.
Sigmund shouts!
Evoke which item? (* to show all) (? for menu, Esc to quit)
Aiming: Random Effects
Press: ? - help, Shift-Dir - straight line, f/p - Sigmund
Aim: Sigmund, wielding a scythe of slicing and wearing a runed robe (heavily wounded, fast, slightly transparent, misshapen and mutated)
The hobgoblin looks slightly unstable.
Evoke which item? (* to show all) (? for menu, Esc to quit)
Aiming: Random Effects
Press: ? - help, Shift-Dir - straight line, f/p - Sigmund
Aim: Sigmund, wielding a scythe of slicing and wearing a runed robe (heavily wounded, fast, slightly transparent, misshapen and mutated)
The fireball explodes!
The fireball engulfs Sigmund.
Sigmund is almost dead.
The fireball engulfs the hobgoblin.
You kill the hobgoblin!
The fireball engulfs the goblin.
You kill the goblin!
You hear a shout!
Sigmund misses you.
Evoke which item? (* to show all) (? for menu, Esc to quit)
Aiming: Throw Flame
Press: ? - help, Shift-Dir - straight line, f/p - Sigmund
Aim: Sigmund, wielding a scythe of slicing and wearing a runed robe (almost dead, fast, slightly transparent, misshapen and mutated)
The puff of flame hits Sigmund.
Sigmund is almost dead.
Sigmund casts a spell at you. The magic dart hits you!
* * * LOW HITPOINT WARNING * * *
Sigmund hits you from afar with a scythe of slicing!
Ouch! That really hurt!
You die...

.. ##'# #.### #.# #.#
#.##@ #.. ######.#
#.##. ###.###...##.##
#.##†
#.............###....
#......!(...g...@.##.
#.....@.....g.###.##.
#.....†######## #####
#...@..# #####.##
#.### #...# #......♣
##..K...♣ ##.#..♣.♣
##♣♣♣ ♣


You could see Sigmund (invisible) and a kobold.

Vanquished Creatures
  2 bats (D:2)
  A giant cockroach (D:2)
  A goblin (D:2)
  3 hobgoblins
  A quokka (D:2)
  A frilled lizard (D:1)
9 creatures vanquished.

Notes
Turn   | Place    | Note
-------+----------+-------------------------------------------
     0 | D:1      | Amnesiac the Spriggan Artificer began the quest for the Orb.
     0 | D:1      | Reached XP level 1. HP: 9/9 MP: 4/4
   333 | D:2      | Reached skill level 1 in Fighting
   542 | D:2      | Reached XP level 2. HP: 12/14 MP: 6/6
   549 | D:2      | Noticed Sigmund
   635 | D:2      | Slain by Sigmund

Vault maps used:
D:1:      dpeg_arrival_concentric_ovals, serial_forest, infiniplex_forest_end_1,
          infiniplex_forest_corner_1, infiniplex_forest_straight_5,
          infiniplex_forest_clump_double, infiniplex_forest_lined_2,
          infiniplex_forest_side_room, infiniplex_forest_clump_double,
          st_stairs_4
D:2:      uniq_robin, uniq_crazy_yiuf_cottage, uniq_sigmund

Skill      XL: |  1 |
---------------+----+-----
Fighting       | 1 |  1.0
Stealth        | 2 |  2.0
Short Blades   | |  1.3
Dodging        | |  3.2
Evocations     | |  4.3

Action                   || total
-------------------------++-------
Melee: Short sword       ||    26
Evoke: Wand              ||     9
 Stab: Sleeping          ||     1
Armor: Robe              ||     5
Dodge: Dodged            ||    45

Table legend:
 A = Spawn XP
 B = Non-spawn XP
 C = Spawn XP percentage of total XP
 D = Spawn monster count
 E = Non-spawn monster count
 F = Spawn count percentage of total count
 G = Total turns spent on level
                    A         B        C        D         E        F      G
               +---------+---------+-------+---------+---------+-------+---------
         Total |       0 |      17 |   0.0 |       0 |       9 |   0.0 |   635
               +---------+---------+-------+---------+---------+-------+---------
           D:1 |       0 |       3 |   0.0 |       0 |       2 |   0.0 |    90
           D:2 |       0 |      14 |   0.0 |       0 |       7 |   0.0 |   545
               +---------+---------+-------+---------+---------+-------+---------
